AoeStats
← ivcrk826

Arabia

507056823Analyzed
1v1 RM · 15d ago on Sep 16, 2026· 56m 58s· 2 players
Game mode
Random Map
Map size
Tiny (2 player)
Population
200
Speed
Normal
Resources
Standard
Victory
Conquest
Starting age
Dark Age
Ending age
Imperial Age
RankedLock teamsTeams togetherTeam positionsShared explorationLock speedFull tech treeHidden civsTurbo modeCheats
Victory
Defeat
🇪🇸 Magyars · Spain
1131
+15
🇦🇷 Mongols · Argentina
1100
-15
ivcrk826
7:18 Loom
9:17 Feudal Age
9:33 Man-at-Arms
10:22 Double-Bit Axe
22:48 Castle Age
22:52 Crossbowman
23:32 Fletching
23:56 Thumb Ring
29:57 Pikeman
37:30 Scale Barding Armor
38:20 Bloodlines
38:07 Bodkin Arrow
40:00 Wheelbarrow
56:22 Imperial Age
King Castilla
6:44 Loom
9:15 Feudal Age
11:09 Town Watch
21:43 Castle Age
22:50 Double-Bit Axe
34:13 Fletching
45:04 Imperial Age
48:25 Murder Holes
51:58 Bodkin Arrow
54:06 Bow Saw
54:12 Capped Ram
56:07 Corvinian Army
57:34 Wheelbarrow
Connection lost

Rejoining the realm…

Still unreachable

The connection could not be restored.

Session expired

The server has moved on; the page needs a fresh start.